cohdb
Replays
Latest Replays
All Replays
Popular Replays
Top Player Replays
Match Explorer
How It Works
Community
CoH3 Stats
Reddit
Sign in to upload your games and track your stats! →
Sign in with Steam
Match 44664064
Unlisted
Match 44664064
Overview
Messages
Build Orders
End
Construct Section Command Post
Royal Engineer Section
Dingo Light Scout Car
Infantry Section
Grenade Package
Infantry Section
Selects Canadian Shock Battlegroup
Selects Offensive Resupply
Selects Canadian Shock Section
Canadian Shock Section
Construct Platoon Command Post
Canadian Shock Section
Selects Incendiary Munitions
Canadian Shock Section
Selects Pyrotechnics
Canadian Shock Section
Construct Field Infirmary
Construct Company Command Post
Infantry Training
CMP 15cwt Truck
Devonix
Testicular Torsion
KARAS
Ohmic
Joraad
lxr1213141516
391878204
denisovainga5809
0
0
Comments
sign in to comment!
No comments posted yet!